TOP OF THE 1ST |
---|
Rancho Cucamonga Sick Monkeys batting - Pitching for Palmyra Overlords : RHP Broderick Miller | Pitching: RHP Broderick Miller | | Batting: SHB Jimmy Mayer | 0-0: Foul Ball, location: 2F 0-1: Foul Ball, location: 2F 0-2: Ball 1-2: Foul Ball, location: 2F 1-2: Foul Ball, location: 2F 1-2: Ball 2-2: Fly out, F9 (Flyball, 9LSF) | Batting: SHB Paco Estrada | 0-0: Called Strike 0-1: Ball 1-1: Ball 2-1: Swinging Strike 2-2: Ball 3-2: Foul Ball, location: 2F 3-2: Strikes out looking | Batting: RHB Hank Brown | 0-0: Ball 1-0: Fly out, F2 (Popup, 23F) | Top of the 1st over - 0 runs, 0 hits, 0 errors, 0 left on base; Rancho Cucamonga 0 - Palmyra 0 | BOTTOM OF THE 1ST |
---|
Palmyra Overlords batting - Pitching for Rancho Cucamonga Sick Monkeys : LHP Tim Sanders | Pitching: LHP Tim Sanders | | Batting: LHB Chris Hutchison | 0-0: Ball 1-0: Ground out 6-3 (Groundball, 6) | Batting: LHB Howard Anderson | 0-0: Called Strike 0-1: Called Strike 0-2: Strikes out swinging | Batting: RHB José Gonzáles | 0-0: Called Strike 0-1: Called Strike 0-2: Ball 1-2: Ball 2-2: Foul Ball, location: 2F 2-2: Foul Ball, location: 2F 2-2: Ball 3-2: Base on Balls | Batting: RHB Jimmy Myers | 0-0: Ball 1-0: Ball 2-0: SINGLE (Line Drive, 8LS) José Gonzáles to second | Batting: RHB Sean Budgeford | 0-0: Swinging Strike 0-1: Ball 1-1: Ball 2-1: Called Strike 2-2: Ball 3-2: Foul Ball, location: 2F 3-2: Ground out 5-3 (Groundball, 56D) | Bottom of the 1st over - 0 runs, 1 hit, 0 errors, 2 left on base; Rancho Cucamonga 0 - Palmyra 0 | TOP OF THE 2ND |
---|
Rancho Cucamonga Sick Monkeys batting - Pitching for Palmyra Overlords : RHP Broderick Miller | Batting: LHB Terry Barton | 0-0: Ball 1-0: Foul Ball, location: 2F 1-1: Ball 2-1: Foul Ball, location: 2F 2-2: Foul Ball, location: 2F 2-2: Ground out 2-3 (Groundball, 2L) | Batting: RHB Heath Jones | 0-0: Called Strike 0-1: Ball 1-1: Called Strike 1-2: Ball 2-2: Ball 3-2: Fly out, F8 (Flyball, 8RM) | Batting: LHB Kevin Hatcher | 0-0: Called Strike 0-1: Swinging Strike 0-2: SINGLE (Groundball, 56D) | Batting: RHB Aaron Adams | 0-0: Ball 1-0: Ball Kevin Hatcher steals 2nd base 2-0: Ball 3-0: Called Strike 3-1: Called Strike 3-2: Fly out, F8 (Flyball, 8LD) | Top of the 2nd over - 0 runs, 1 hit, 0 errors, 1 left on base; Rancho Cucamonga 0 - Palmyra 0 | BOTTOM OF THE 2ND |
---|
Palmyra Overlords batting - Pitching for Rancho Cucamonga Sick Monkeys : LHP Tim Sanders | Batting: RHB Weldon Samuels | 0-0: Called Strike 0-1: Ball 1-1: Foul Ball, location: 2F 1-2: Strikes out swinging | Batting: SHB Fred Noble | 0-0: Ball 1-0: Swinging Strike 1-1: Ball 2-1: Ball 3-1: Foul Ball, location: 2F 3-2: Foul Ball, location: 2F 3-2: Foul Ball, location: 2F 3-2: Ground out 5-3 (Groundball, 5) | Batting: LHB Jaime Flores | 0-0: Called Strike 0-1: DOUBLE (Flyball, 78XD) | Batting: LHB Christian Lovelass | 0-0: Ball 1-0: Called Strike 1-1: Foul Ball, location: 2F 1-2: Ball 2-2: Foul Ball, location: 2F 2-2: Strikes out swinging | Bottom of the 2nd over - 0 runs, 1 hit, 0 errors, 1 left on base; Rancho Cucamonga 0 - Palmyra 0 | TOP OF THE 3RD |
---|
Rancho Cucamonga Sick Monkeys batting - Pitching for Palmyra Overlords : RHP Broderick Miller | Batting: RHB Rod Zamora | 0-0: Ground out 1-3 (Groundball, 13S) | Batting: RHB Mike Cooley | 0-0: Called Strike 0-1: Fly out, F7 (Flyball, 7LMF) | Batting: SHB Jimmy Mayer | 0-0: Ball 1-0: Ball 2-0: Foul Ball, location: 2F 2-1: Ball 3-1: Ground out 4-3 (Groundball, 4) | Top of the 3rd over - 0 runs, 0 hits, 0 errors, 0 left on base; Rancho Cucamonga 0 - Palmyra 0 | BOTTOM OF THE 3RD |
---|
Palmyra Overlords batting - Pitching for Rancho Cucamonga Sick Monkeys : LHP Tim Sanders | Batting: LHB Chris Hutchison | 0-0: Ball 1-0: Foul Ball, location: 2F 1-1: Called Strike 1-2: Strikes out swinging | Batting: LHB Howard Anderson | 0-0: Swinging Strike 0-1: Called Strike 0-2: Strikes out looking | Batting: RHB José Gonzáles | 0-0: Swinging Strike 0-1: Ball 1-1: Ball 2-1: Swinging Strike 2-2: Ball 3-2: Foul Ball, location: 2F 3-2: Foul Ball, location: 2F 3-2: Strikes out swinging | Bottom of the 3rd over - 0 runs, 0 hits, 0 errors, 0 left on base; Rancho Cucamonga 0 - Palmyra 0 | TOP OF THE 4TH |
---|
Rancho Cucamonga Sick Monkeys batting - Pitching for Palmyra Overlords : RHP Broderick Miller | Batting: SHB Paco Estrada | 0-0: DOUBLE (Line Drive, 9LM) | Batting: RHB Hank Brown | 0-0: Ball 1-0: Ball 2-0: Foul Ball, location: 2F 2-1: SINGLE (Line Drive, 56D) Paco Estrada to third | Batting: LHB Terry Barton | 0-0: Called Strike 0-1: Ball 1-1: Ball 2-1: DOUBLE (Flyball, 8RXD) Paco Estrada scores Hank Brown to third | Batting: RHB Heath Jones | 0-0: SINGLE (Groundball, 4MD) Hank Brown scores Terry Barton to third | Batting: LHB Kevin Hatcher | 0-0: SINGLE (Groundball, 56) (infield hit) Terry Barton scores Heath Jones to second | Batting: RHB Aaron Adams | 0-0: Called Strike 0-1: Foul Ball, location: 2F 0-2: Ball 1-2: Grounds into double play, 6-4-3 (Groundball, 6) Heath Jones to third | Batting: RHB Rod Zamora | 0-0: Ball 1-0: SINGLE (Flyball, 9) Heath Jones scores | Pitching: LHP José López | | Batting: RHB Mike Cooley | 0-0: Ball 1-0: Swinging Strike 1-1: Ball 2-1: Foul Ball, location: 2F 2-2: Foul Ball, location: 2F 2-2: Strikes out looking | Top of the 4th over - 4 runs, 6 hits, 0 errors, 1 left on base; Rancho Cucamonga 4 - Palmyra 0 | BOTTOM OF THE 4TH |
---|
Palmyra Overlords batting - Pitching for Rancho Cucamonga Sick Monkeys : LHP Tim Sanders | Batting: RHB Jimmy Myers | 0-0: Called Strike 0-1: Foul Ball, location: 2F 0-2: Ball 1-2: Foul Ball, location: 2F 1-2: Ball 2-2: Foul Ball, location: 2F 2-2: Fly out, F8 (Line Drive, 8LD) | Batting: RHB Sean Budgeford | 0-0: Called Strike 0-1: Ball 1-1: Called Strike 1-2: Ball 2-2: SINGLE (Line Drive, 8LS) | Batting: RHB Weldon Samuels | 0-0: Ball 1-0: Ball 2-0: Ball 3-0: Base on Balls Sean Budgeford to second | Batting: SHB Fred Noble | 0-0: Ball 1-0: SINGLE (Groundball, 6MD) Sean Budgeford to third Weldon Samuels to second Runner from 3rd tries for Home, throw and OUT! | Batting: LHB Jaime Flores | 0-0: Fly out, F6 (Line Drive, 6) | Bottom of the 4th over - 0 runs, 2 hits, 0 errors, 2 left on base; Rancho Cucamonga 4 - Palmyra 0 | TOP OF THE 5TH |
---|
Rancho Cucamonga Sick Monkeys batting - Pitching for Palmyra Overlords : LHP José López | Batting: SHB Jimmy Mayer | 0-0: Called Strike 0-1: Ball 1-1: Ball 2-1: Called Strike 2-2: Ball 3-2: Base on Balls | Batting: SHB Paco Estrada | 0-0: Foul Ball, location: 2F 0-1: SINGLE (Groundball, 4MD) Jimmy Mayer to second | Batting: RHB Hank Brown | 0-0: Called Strike 0-1: SINGLE (Line Drive, 8LS) Jimmy Mayer to third Paco Estrada to second Runner from 3rd tries for Home, SAFE, no throw | Batting: LHB Terry Barton | 0-0: Called Strike 0-1: Ball 1-1: Ball 2-1: Called Strike 2-2: Fly out, F8 (Flyball, 8LM) | Batting: RHB Heath Jones | 0-0: Called Strike 0-1: Ball 1-1: Ball 2-1: Swinging Strike 2-2: Fly out, F8 (Flyball, 8LS) | Batting: LHB Kevin Hatcher | 0-0: Ball 1-0: Fielders Choice at 2nd, 6-4 (Groundball, 6) | Top of the 5th over - 1 run, 2 hits, 0 errors, 2 left on base; Rancho Cucamonga 5 - Palmyra 0 | BOTTOM OF THE 5TH |
---|
Palmyra Overlords batting - Pitching for Rancho Cucamonga Sick Monkeys : LHP Tim Sanders | Batting: LHB Christian Lovelass | 0-0: Called Strike 0-1: Foul Ball, location: 2F 0-2: Ball 1-2: Ball 2-2: Ball 3-2: SINGLE (Groundball, 34D) | Batting: LHB Chris Hutchison | 0-0: Called Strike 0-1: Foul Ball, location: 2F 0-2: Strikes out looking | Pitching: LHP Elmer Ramírez | | Batting: LHB Howard Anderson | 0-0: Ball 1-0: Swinging Strike 1-1: Ball 2-1: Ball 3-1: Base on Balls Christian Lovelass to second | Batting: RHB José Gonzáles | 0-0: Ball 1-0: Ball 2-0: Foul Ball, location: 2F 2-1: Ball 3-1: Fly out, F8 (Flyball, 8LD) Runner from 2nd tags up, SAFE at 3rd with throw | Batting: RHB Jimmy Myers | 0-0: Ball 1-0: Called Strike 1-1: Ball Balk! Christian Lovelass scores Howard Anderson to second 2-1: Called Strike 2-2: Strikes out swinging | Bottom of the 5th over - 1 run, 1 hit, 0 errors, 1 left on base; Rancho Cucamonga 5 - Palmyra 1 | TOP OF THE 6TH |
---|
Rancho Cucamonga Sick Monkeys batting - Pitching for Palmyra Overlords : LHP José López | Batting: RHB Aaron Adams | 0-0: Ball 1-0: Foul Ball, location: 2F 1-1: Ball 2-1: Fly out, F8 (Flyball, 89D) | Batting: RHB Rod Zamora | 0-0: Ball 1-0: SINGLE (Flyball, 7LS) | Batting: RHB Mike Cooley | 0-0: Called Strike 0-1: Called Strike 0-2: Ball 1-2: Grounds into double play, 6-4-3 (Groundball, 6M) | Top of the 6th over - 0 runs, 1 hit, 0 errors, 0 left on base; Rancho Cucamonga 5 - Palmyra 1 | BOTTOM OF THE 6TH |
---|
Palmyra Overlords batting - Pitching for Rancho Cucamonga Sick Monkeys : LHP Elmer Ramírez | Batting: RHB Sean Budgeford | 0-0: Ball 1-0: Ball 2-0: Ball 3-0: Base on Balls | Batting: RHB Weldon Samuels | 0-0: Ball 1-0: Foul Ball, location: 2F 1-1: Ground out 6-3 (Groundball, 6S) Sean Budgeford to second | Batting: SHB Fred Noble | 0-0: Fly out, F8 (Flyball, 8RD) | Batting: LHB Jaime Flores | 0-0: Swinging Strike 0-1: Ball 1-1: Swinging Strike 1-2: Strikes out swinging | Bottom of the 6th over - 0 runs, 0 hits, 0 errors, 1 left on base; Rancho Cucamonga 5 - Palmyra 1 | TOP OF THE 7TH |
---|
Rancho Cucamonga Sick Monkeys batting - Pitching for Palmyra Overlords : LHP José López | Batting: SHB Jimmy Mayer | 0-0: Called Strike 0-1: Ball 1-1: Foul Ball, location: 2F 1-2: SINGLE (Groundball, 4D) | Batting: SHB Paco Estrada | 0-0: Swinging Strike 0-1: Ball 1-1: SINGLE (Groundball, 56D) Jimmy Mayer to second | Batting: RHB Hank Brown | 0-0: Called Strike 0-1: Ball 1-1: Grounds into double play, 4-6-3 (Groundball, 4D) Jimmy Mayer to third | Batting: LHB Terry Barton | 0-0: Ball 1-0: Called Strike 1-1: SINGLE (Flyball, 78M) Jimmy Mayer scores | Batting: RHB Heath Jones | 0-0: Foul Ball, location: 2F 0-1: Ball 1-1: SINGLE (Groundball, 6MD) Terry Barton to second Runner from 2nd tries for 3rd, SAFE, throw made to third | Batting: LHB Kevin Hatcher | 0-0: Ball 1-0: Foul Ball, location: 2F 1-1: Swinging Strike 1-2: Foul Ball, location: 2F 1-2: SINGLE (Groundball, 34D) Terry Barton scores Heath Jones to second Runner from 2nd tries for 3rd, SAFE, no throw | Batting: RHB Aaron Adams | 0-0: Ball 1-0: Ball 2-0: SINGLE (Flyball, 78S) Heath Jones scores Kevin Hatcher to second Runner from 2nd tries for 3rd, SAFE, no throw | Pitching: LHP Rafael Maniola | | Batting: RHB Rod Zamora | 0-0: Ball 1-0: Called Strike 1-1: Called Strike 1-2: Strikes out swinging | Top of the 7th over - 3 runs, 6 hits, 0 errors, 2 left on base; Rancho Cucamonga 8 - Palmyra 1 | BOTTOM OF THE 7TH |
---|
Palmyra Overlords batting - Pitching for Rancho Cucamonga Sick Monkeys : LHP Elmer Ramírez | Batting: LHB Christian Lovelass | 0-0: Ball 1-0: Called Strike 1-1: Ball 2-1: Swinging Strike 2-2: Fly out, F8 (Flyball, 8LS) | Batting: LHB Chris Hutchison | 0-0: Ball 1-0: Ball 2-0: Ball 3-0: Called Strike 3-1: Base on Balls | Batting: LHB Howard Anderson | 0-0: Foul Ball, location: 2F 0-1: Ball 1-1: Foul Ball, location: 2F 1-2: Foul Ball, location: 2F 1-2: Foul Ball, location: 2F 1-2: Grounds into double play, 6-4-3 (Groundball, 6) | Bottom of the 7th over - 0 runs, 0 hits, 0 errors, 0 left on base; Rancho Cucamonga 8 - Palmyra 1 | TOP OF THE 8TH |
---|
Rancho Cucamonga Sick Monkeys batting - Pitching for Palmyra Overlords : LHP Rafael Maniola | Batting: RHB Mike Cooley | 0-0: Ball 1-0: Ball 2-0: Called Strike 2-1: Swinging Strike 2-2: Foul Ball, location: 2F 2-2: Strikes out swinging | Batting: SHB Jimmy Mayer | 0-0: Ball 1-0: Swinging Strike 1-1: Called Strike 1-2: Fly out, F9 (Line Drive, 9) | Batting: SHB Paco Estrada | 0-0: Ball 1-0: Ball 2-0: Called Strike 2-1: Ground out U3 (Groundball, 3) | Top of the 8th over - 0 runs, 0 hits, 0 errors, 0 left on base; Rancho Cucamonga 8 - Palmyra 1 | BOTTOM OF THE 8TH |
---|
Palmyra Overlords batting - Pitching for Rancho Cucamonga Sick Monkeys : LHP Elmer Ramírez | Now at C: Mike Johnston | | Now in RF: Miguel López | | Batting: RHB José Gonzáles | 0-0: Ball 1-0: Foul Ball, location: 2F 1-1: Ball 2-1: Fly out, F7 (Flyball, 7) | Batting: RHB Jimmy Myers | 0-0: Swinging Strike 0-1: Foul Ball, location: 2F 0-2: Strikes out swinging | Batting: RHB Sean Budgeford | 0-0: Ground out 5-3 (Groundball, 56S) | Bottom of the 8th over - 0 runs, 0 hits, 0 errors, 0 left on base; Rancho Cucamonga 8 - Palmyra 1 | TOP OF THE 9TH |
---|
Rancho Cucamonga Sick Monkeys batting - Pitching for Palmyra Overlords : LHP Rafael Maniola | Batting: RHB Hank Brown | 0-0: Ball 1-0: Ball 2-0: Ball 3-0: Called Strike 3-1: Called Strike 3-2: Base on Balls | Batting: LHB Terry Barton | 0-0: SINGLE (Groundball, 56D) Hank Brown to second | Batting: RHB Heath Jones | 0-0: Ball 1-0: Called Strike 1-1: Foul Ball, location: 2F 1-2: Strikes out swinging | Batting: LHB Kevin Hatcher | 0-0: Ball 1-0: SINGLE (Line Drive, 7S) Hank Brown to third Terry Barton to second | Batting: RHB Aaron Adams | 0-0: Ball 1-0: Grounds into double play, 5-4-3 (Groundball, 56) | Top of the 9th over - 0 runs, 2 hits, 0 errors, 2 left on base; Rancho Cucamonga 8 - Palmyra 1 | BOTTOM OF THE 9TH |
---|
Palmyra Overlords batting - Pitching for Rancho Cucamonga Sick Monkeys : LHP Elmer Ramírez | Now at 1B: Manny Holguín | | Now in LF: Jesús Miranda | | Batting: RHB Weldon Samuels | 0-0: Ball 1-0: Fly out, F9 (Flyball, 9LMF) | Batting: SHB Fred Noble | 0-0: Called Strike 0-1: Ball 1-1: Called Strike 1-2: Ball 2-2: Ground out 6-3 (Groundball, 6) | Batting: LHB Jaime Flores | 0-0: Ball 1-0: Called Strike 1-1: Foul Ball, location: 2F 1-2: Ball 2-2: Foul Ball, location: 2F 2-2: Fly out, F5 (Popup, 5) | Bottom of the 9th over - 0 runs, 0 hits, 0 errors, 0 left on base; Rancho Cucamonga 8 - Palmyra 1 | |